[Event "December 19 Late 2023"]
[Site "https://www.chess.com"]
[Date "2023.12.19"]
[Round "2"]
[White "Kamsky, Gata"]
[Black "Mkrtchyan, Mikayel"]
[Result "1/2-1/2"]
[Board "28"]
[TimeControl "180+1"]
[WhiteFideId "2000024"]
[BlackFideId "13305743"]
[WhiteElo "2660"]
[BlackElo "2033"]
[WhiteTeam "USA"]
[BlackTeam "ARM"]
[WhiteClock "0:00:18"]
[BlackClock "0:00:06"]

1. d4 Nf6 2. Bf4 d5 3. e3 c5 4. c3 Nc6 5. Nd2 cxd4 6. exd4 Bg4 7. Ngf3 e6 8. Bd3 Bd6 9. Bg3 O-O 10. O-O Bh5 11. Re1 a6 12. a4 Re8 13. Qb3 Na5 14. Qa2 Rc8 15. Ne5 Ng4 16. Qb1 h6 17. h3 Nxe5 18. dxe5 Bf8 19. Bf4 Qh4 20. Bh2 Bc5 21. Rf1 Nc4 22. Nxc4 dxc4 23. Bh7+ Kh8 24. Qe4 Qxe4 25. Bxe4 b6 26. g4 Bg6 27. Bxg6 fxg6 28. Kg2 Rcd8 29. Rfd1 Kg8 30. Bg3 Kf7 31. Kf3 g5 32. Ke4 Ke7 33. f4 gxf4 34. Bxf4 Rxd1 35. Rxd1 Rd8 36. Rxd8 Kxd8 37. h4 Ke7 38. h5 Kf7 39. Be3 Ke7 40. a5 Bxe3 41. Kxe3 b5 42. Kd4 Kd7 43. Kc5 Kc7 44. Kd4 Kd7 45. Kc5 Kc7 46. Kd4 Kc6 47. Ke4 Kd7 48. Kd4 Kc6 49. Ke4 Kd7 50. Kd4 Kc6 1/2-1/2

[Event "December 19 Late 2023"]
[Site "https://www.chess.com"]
[Date "2023.12.19"]
[Round "2"]
[White "Sabuk, Piotr"]
[Black "Zakhartsov, Vladimir"]
[Result "0-1"]
[Board "29"]
[TimeControl "180+1"]
[WhiteFideId "1137565"]
[BlackFideId "4145097"]
[WhiteElo "2276"]
[BlackElo "2448"]
[WhiteTeam "POL"]
[BlackTeam "RUS"]
[WhiteClock "0:00:00"]
[BlackClock "0:00:08"]

1. d4 Nf6 2. c4 g6 3. Nc3 d5 4. Nf3 Bg7 5. e3 O-O 6. Qb3 dxc4 7. Bxc4 c5 8. d5 Nbd7 9. e4 Nb6 10. O-O Nxc4 11. Qxc4 b6 12. e5 Nd7 13. Re1 Bb7 14. Bg5 h6 15. Bh4 g5 16. Bg3 a6 17. a4 Re8 18. e6 fxe6 19. dxe6 Nf8 20. Rad1 Qc8 21. Nd5 b5 22. Qc2 Bxd5 23. Rxd5 Nxe6 24. Be5 Qc6 25. Rdd1 Nf4 26. Bxf4 gxf4 27. Ne5 Bxe5 28. Rxe5 c4 29. Red5 Kh8 30. Qe4 Qf6 31. Rf5 Qxb2 32. Qxf4 Qg7 33. h4 Rf8 34. axb5 axb5 35. Rdd5 e6 36. Rd7 Rxf5 37. Qc7 Qg6 0-1

[Event "December 19 Late 2023"]
[Site "https://www.chess.com"]
[Date "2023.12.19"]
[Round "2"]
[White "Gabuzyan, Hovhannes"]
[Black "Bold, Andre"]
[Result "0-1"]
[Board "30"]
[TimeControl "180+1"]
[WhiteFideId "13303732"]
[BlackFideId "16208471"]
[WhiteElo "2486"]
[BlackElo "2110"]
[WhiteTeam "ARM"]
[BlackTeam "GER"]
[WhiteClock "0:00:41"]
[BlackClock "0:00:20"]

1. e4 c6 2. d4 d5 3. Nc3 dxe4 4. Nxe4 Nf6 5. Nxf6+ exf6 6. c3 Bd6 7. Bd3 O-O 8. Qc2 h6 9. Ne2 Nd7 10. O-O Nb6 11. Bf4 Bxf4 12. Nxf4 Qd6 13. Qd2 Nd5 14. Nxd5 cxd5 15. Rfe1 Be6 16. Re3 Qf4 17. Rae1 a5 18. Qc1 Rfc8 19. g3 Qd6 20. f4 f5 21. Re5 g6 22. g4 fxg4 23. f5 Bxf5 24. Bxf5 gxf5 25. Qf4 Qg6 26. Rxd5 Re8 27. Rde5 Rxe5 28. Rxe5 a4 29. a3 Ra6 30. Re8+ Kg7 31. Qb8 Qd6 32. Rg8+ Kf6 33. Qxd6+ Rxd6 34. Ra8 Rb6 35. Rxa4 Rxb2 36. Rb4 Rc2 37. Rb6+ Kg5 38. Rxb7 Rxc3 39. Rxf7 Rxa3 40. Kf2 Kf4 41. d5 Rd3 42. Rd7 Ke5 43. Rh7 Rxd5 44. Rxh6 Kf4 45. Ra6 Rd2+ 46. Kg1 Ke3 47. Ra3+ Rd3 48. Ra5 f4 49. Re5+ Kf3 50. Re1 g3 51. Rf1+ Kg4 52. hxg3 Kxg3 53. Ra1 f3 54. Kf1 Rd8 55. Kg1 Rh8 56. Ra2 Rc8 57. Ra1 Rb8 58. Rc1 Rb3 59. Ra1 Rb2 60. Rc1 Rg2+ 61. Kf1 Rh2 0-1

[Event "December 19 Late 2023"]
[Site "https://www.chess.com"]
[Date "2023.12.19"]
[Round "2"]
[White "Khater, Sherif"]
[Black "Maksimovic, Bojan"]
[Result "0-1"]
[Board "31"]
[TimeControl "180+1"]
[WhiteFideId "2034280"]
[BlackFideId "14408120"]
[WhiteElo "2553"]
[BlackElo "2527"]
[WhiteTeam "USA"]
[BlackTeam "BIH"]
[WhiteClock "0:00:11"]
[BlackClock "0:00:09"]

1. a3 a6 2. b4 Nc6 3. Bb2 Nf6 4. Nf3 d6 5. d4 e6 6. Nbd2 b6 7. g3 Bb7 8. Bg2 g6 9. O-O Bg7 10. e4 O-O 11. Re1 Ne7 12. c4 Nd7 13. Qb3 a5 14. b5 e5 15. dxe5 dxe5 16. Qc2 Nc8 17. a4 Re8 18. Nb3 Bf8 19. Rad1 Qe7 20. Nfd2 f6 21. Nf1 Qf7 22. Ne3 Nc5 23. Nf1 Nxb3 24. Qxb3 Bb4 25. Bc3 Bc5 26. Ne3 Nd6 27. Nd5 Rad8 28. Re2 Rf8 29. Kh1 Bc8 30. f3 Rde8 31. Bd2 Qg7 32. Qc2 f5 33. Bc1 fxe4 34. Rf1 exf3 35. Rxf3 Bg4 36. Rxf8+ Rxf8 37. Re1 Rf2 38. Qc3 e4 39. Qxg7+ Kxg7 40. Nxc7 Bf5 41. h3 h5 42. Nd5 Nxc4 43. g4 hxg4 44. hxg4 Bxg4 45. Bxe4 Nd6 46. Bg2 Nf5 47. Bf4 Bf3 48. Be5+ Kf7 49. Bxf3 Rxf3 50. Kg2 Rd3 51. Nf4 Rd2+ 52. Kf3 Rf2+ 53. Ke4 Ra2 54. Ra1 Rd2 55. Nd5 Re2+ 56. Kf4 Bf8 57. Bc7 Bh6+ 58. Kg4 Re4+ 59. Kh3 Rh4+ 60. Kg2 Ne3+ 61. Nxe3 Bxe3 62. Rf1+ Ke6 63. Ra1 Kd7 64. Bg3 Rc4 65. Ra2 Bc5 66. Bf2 Kd6 67. Kf3 Bxf2 68. Kxf2 Kc5 69. Ke3 Kb4 70. Kd3 Rc5 71. Kd4 Kb3 72. Rg2 Kxa4 73. Rxg6 Kxb5 74. Rg2 Rc8 75. Rb2+ Ka6 76. Kd5 a4 77. Rb4 Ka5 78. Rh4 b5 79. Rh7 a3 80. Kd4 Kb4 81. Kd3 Kb3 82. Kd2 b4 83. Ra7 Kb2 0-1

[Event "December 19 Late 2023"]
[Site "https://www.chess.com"]
[Date "2023.12.19"]
[Round "2"]
[White "Zhigalko, Sergei"]
[Black "Soderstrom, Adrian"]
[Result "1-0"]
[Board "32"]
[TimeControl "180+1"]
[WhiteFideId "13502956"]
[BlackFideId "1745786"]
[WhiteElo "2616"]
[BlackElo "2154"]
[WhiteTeam "BLR"]
[BlackTeam "SWE"]
[WhiteClock "0:00:40"]
[BlackClock "0:00:09"]

1. e4 e6 2. d4 d5 3. e5 c5 4. c3 Nc6 5. Nf3 Nge7 6. Na3 cxd4 7. cxd4 Nf5 8. Nc2 Qb6 9. Bd3 Bb4+ 10. Kf1 h5 11. h4 Bd7 12. g3 Be7 13. Kg2 Rc8 14. Rb1 Na5 15. Bg5 Bb5 16. Bxf5 exf5 17. Bxe7 Kxe7 18. Ne3 Rhd8 19. Nxf5+ Kf8 20. Nd6 Rxd6 21. exd6 Qxd6 22. Re1 Bd7 23. Ne5 Bf5 24. Qxh5 Qe6 25. Nd7+ Kg8 26. Rxe6 fxe6 27. Re1 Nc6 28. g4 Be4+ 29. Rxe4 dxe4 30. d5 Nd4 31. Qe5 Nf3 32. Qxe6+ Kh8 33. Ne5 Ne1+ 34. Kg3 Rb8 35. Nf7+ Kg8 36. Ng5+ Kh8 37. Qxe4 g6 38. Qe5+ Kg8 39. Qxb8+ Kg7 40. Qc7+ Kf6 41. Qd6+ Kg7 42. Qe7+ 1-0

[Event "December 19 Late 2023"]
[Site "https://www.chess.com"]
[Date "2023.12.19"]
[Round "2"]
[White "Riff, Vincent"]
[Black "Melkumyan, Hrant"]
[Result "0-1"]
[Board "33"]
[TimeControl "180+1"]
[WhiteFideId "617776"]
[BlackFideId "13302485"]
[WhiteElo "2358"]
[BlackElo "2604"]
[WhiteTeam "FRA"]
[BlackTeam "ARM"]
[WhiteClock "0:01:06"]
[BlackClock "0:02:03"]

1. e4 c6 2. Nf3 d5 3. Nc3 Bg4 4. h3 Bxf3 5. Qxf3 e6 6. Be2 Nd7 7. O-O Bc5 8. Rd1 Bd4 9. exd5 exd5 10. d3 Ne7 11. Bf4 O-O 12. Rab1 Ng6 13. Bh2 Re8 14. Bf1 Nde5 15. Qg3 h5 16. h4 Ng4 17. Ne2 Bxf2+ 18. Qxf2 Nxf2 19. Kxf2 Qxh4+ 20. Kg1 Qg5 21. Kh1 h4 22. Ng1 Re3 23. b4 a6 24. a4 Rae8 25. b5 axb5 26. axb5 Nf4 27. bxc6 bxc6 28. Nf3 Qg4 29. Ng1 Nh5 30. Nh3 Ng3+ 31. Bxg3 hxg3 32. c4 d4 33. c5 Qf5 34. Rbc1 g5 0-1

[Event "December 19 Late 2023"]
[Site "https://www.chess.com"]
[Date "2023.12.19"]
[Round "2"]
[White "Popov, Konstantin"]
[Black "Czopor, Maciej"]
[Result "1-0"]
[Board "34"]
[TimeControl "180+1"]
[WhiteFideId "34137910"]
[BlackFideId "21805431"]
[WhiteElo "2340"]
[BlackElo "2324"]
[WhiteTeam "FID"]
[BlackTeam "POL"]
[WhiteClock "0:01:02"]
[BlackClock "0:00:29"]

1. e4 Nc6 2. d4 d5 3. e5 Bf5 4. c3 f6 5. f4 Qd7 6. Bd3 O-O-O 7. Ne2 h6 8. Ng3 Bxd3 9. Qxd3 g5 10. exf6 gxf4 11. Bxf4 Nxf6 12. Nd2 e6 13. O-O-O h5 14. Rhf1 Be7 15. Nf3 h4 16. Ne2 Ne4 17. Nd2 Nxd2 18. Rxd2 Rdg8 19. Ng1 a6 20. Nf3 h3 21. g3 Bd6 22. Bxd6 cxd6 23. Re2 Rf8 24. Rfe1 Rf6 25. g4 Rhf8 26. Ng5 e5 27. Nh7 Qxg4 28. Nxf8 e4 29. Qg3 Qxg3 30. hxg3 Rxf8 31. Rh1 Rh8 32. Reh2 Ne7 33. Rxh3 Rg8 34. Rf1 Kd7 35. Rf6 b5 36. Kd2 a5 37. a3 b4 38. cxb4 axb4 39. a4 Rc8 40. Rh7 b3 41. Rff7 Re8 42. a5 Ke6 43. Rxe7+ Rxe7 44. Rxe7+ Kxe7 45. a6 1-0

[Event "December 19 Late 2023"]
[Site "https://www.chess.com"]
[Date "2023.12.19"]
[Round "2"]
[White "Kopczynski, Michal"]
[Black "Szpar, Milosz"]
[Result "0-1"]
[Board "35"]
[TimeControl "180+1"]
[WhiteFideId "1124200"]
[BlackFideId "1184989"]
[WhiteElo "2174"]
[BlackElo "2446"]
[WhiteTeam "POL"]
[BlackTeam "POL"]
[WhiteClock "0:00:00"]
[BlackClock "0:00:58"]

1. e4 e6 2. d4 d5 3. Nc3 Nf6 4. e5 Nfd7 5. f4 c5 6. dxc5 Bxc5 7. Nf3 Nc6 8. Bd3 a6 9. Qe2 b5 10. f5 exf5 11. Bg5 Be7 12. Bxe7 Nxe7 13. O-O-O Nc5 14. Kb1 b4 15. Nxd5 Nxd5 16. Bb5+ axb5 17. Qxb5+ Bd7 18. Qxc5 Ra5 19. Qc4 Qc8 20. Qxc8+ Bxc8 21. Nd4 Be6 22. Nc6 Rc5 23. Rxd5 Rxd5 24. Nxb4 Rxe5 25. Rd1 O-O 26. Nc6 Rc5 27. Nd4 Ra8 28. b3 g6 29. Kb2 Kg7 30. Re1 Kf6 31. c4 Re5 0-1

[Event "December 19 Late 2023"]
[Site "https://www.chess.com"]
[Date "2023.12.19"]
[Round "2"]
[White "Mahdavi, Reza"]
[Black "Lin, Bryan Enming"]
[Result "1-0"]
[Board "36"]
[TimeControl "180+1"]
[WhiteFideId "12595926"]
[BlackFideId "30987121"]
[WhiteElo "2426"]
[BlackElo "2545"]
[WhiteTeam "IRI"]
[BlackTeam "USA"]
[WhiteClock "0:00:54"]
[BlackClock "0:00:09"]

1. e4 e5 2. Nf3 Nc6 3. g3 Nf6 4. d3 Be7 5. Bg2 O-O 6. O-O d5 7. exd5 Nxd5 8. Nc3 Nxc3 9. bxc3 Be6 10. Re1 Bf6 11. Nd2 Qd7 12. Rb1 Rab8 13. Ne4 Be7 14. a4 h6 15. Be3 b6 16. f4 Bd5 17. c4 Be6 18. c3 Rfc8 19. Nf2 Rd8 20. Qf3 Na5 21. fxe5 Qxa4 22. Rbd1 Rd7 23. Qh5 Rbd8 24. Be4 Bf8 25. Rf1 c5 26. Ng4 Nxc4 27. Bxh6 gxh6 28. Nf6+ Kg7 29. Rf5 Bxf5 30. Bxf5 Ne3 31. Re1 Rxd3 32. e6 Rd1 33. Qxf7+ 1-0

[Event "December 19 Late 2023"]
[Site "https://www.chess.com"]
[Date "2023.12.19"]
[Round "2"]
[White "Kozin, Yuri"]
[Black "Vogel, Roven"]
[Result "1-0"]
[Board "37"]
[TimeControl "180+1"]
[WhiteFideId "4129920"]
[BlackFideId "12908088"]
[WhiteElo "2545"]
[BlackElo "2518"]
[WhiteTeam "RUS"]
[BlackTeam "GER"]
[WhiteClock "0:00:03"]
[BlackClock "0:00:25"]

1. e4 c6 2. d4 d5 3. exd5 cxd5 4. c4 Nf6 5. Nc3 g6 6. cxd5 Nxd5 7. Qb3 Nb6 8. d5 Bg7 9. Be3 O-O 10. Rd1 Na6 11. Nge2 Qe8 12. Bxb6 axb6 13. Qxb6 Qd8 14. Qxd8 Rxd8 15. Ng3 Nb4 16. Bc4 Nc2+ 17. Kd2 Nd4 18. Kc1 Bd7 19. Kb1 b5 20. Bd3 b4 21. Nce2 Nb5 22. Rhe1 Rdb8 23. Bxb5 Bxb5 24. Nd4 Bc4 25. Nb3 Rd8 26. Rxe7 Bxd5 27. Ree1 h5 28. f3 f5 29. Ne2 Bc4 30. Nf4 Kf7 31. h4 Bf6 32. g3 Rac8 33. Rc1 Bb5 34. Rxc8 Rxc8 35. Nd5 Bd3+ 36. Ka1 Bg7 37. Nxb4 Bc4 38. Rc1 f4 39. gxf4 Bh6 40. Nd3 Be6 41. Ne5+ Kf6 42. Rxc8 Bxc8 43. Nd3 Bf5 44. Nbc1 Bf8 45. a4 Be7 46. b4 Ke6 47. Kb2 Bxh4 48. a5 Bf6+ 49. Kb3 Kd6 50. b5 h4 51. Kb4 Bd4 52. Ne2 Be3 53. Ne5 h3 54. Nc4+ Kc7 55. Nxe3 h2 56. Ng3 Bh3 57. Nh1 Be6 58. Kc5 Bd7 59. b6+ Kb7 60. Nd5 Bb5 61. Kxb5 g5 62. fxg5 Kb8 63. a6 Ka8 64. Kc6 Kb8 65. a7+ Ka8 66. Nc7# 1-0

[Event "December 19 Late 2023"]
[Site "https://www.chess.com"]
[Date "2023.12.19"]
[Round "2"]
[White "Beerdsen, Thomas"]
[Black "Tao, Sihan"]
[Result "1-0"]
[Board "38"]
[TimeControl "180+1"]
[WhiteFideId "1030108"]
[BlackFideId "30982677"]
[WhiteElo "2550"]
[BlackElo "1943"]
[WhiteTeam "NED"]
[BlackTeam "USA"]
[WhiteClock "0:02:18"]
[BlackClock "0:01:13"]

1. e4 e5 2. Nc3 Nf6 3. f4 d5 4. fxe5 Nxe4 5. Nf3 Nc6 6. Bb5 Be7 7. Qe2 Nxc3 8. bxc3 O-O 9. O-O Bf5 10. d4 a6 11. Bd3 Bxd3 12. Qxd3 Na5 13. Bf4 Nc4 14. Rae1 Qd7 15. Ng5 Bxg5 16. Bxg5 Rae8 17. Rf4 Re6 18. Bf6 g6 19. Qh3 Rxf6 20. Qxd7 Rxf4 21. Qxd5 Nb6 22. Qxb7 Na4 23. Qc6 1-0

[Event "December 19 Late 2023"]
[Site "https://www.chess.com"]
[Date "2023.12.19"]
[Round "2"]
[White "O`Gorman, Tom"]
[Black "Abasov, Nijat"]
[Result "1-0"]
[Board "39"]
[TimeControl "180+1"]
[WhiteFideId "2508249"]
[BlackFideId "13402960"]
[WhiteElo "2288"]
[BlackElo "2561"]
[WhiteTeam "IRL"]
[BlackTeam "AZE"]
[WhiteClock "0:00:19"]
[BlackClock "0:00:00"]

1. d4 Nf6 2. c4 e6 3. Nc3 Bb4 4. f3 c5 5. d5 b5 6. e4 O-O 7. Ne2 bxc4 8. Nf4 exd5 9. Nxd5 Nxd5 10. Qxd5 Qb6 11. Bxc4 Bb7 12. Qh5 Nc6 13. O-O Nd4 14. Nd5 Bxd5 15. Qxd5 d6 16. Bf4 Rad8 17. Rab1 Ba5 18. Kh1 Qc7 19. Be3 Bb6 20. Bxd4 cxd4 21. Rbc1 Rc8 22. b3 Qc5 23. Qb7 Rc7 24. Qa6 Qg5 25. Qb5 Rc5 26. Qd7 Qf6 27. Bd5 h5 28. Qh3 g6 29. Qg3 Kg7 30. b4 Rc3 31. Rcd1 Rfc8 32. Bb3 Re3 33. Qf2 Rcc3 34. Bd5 d3 35. Qg3 Re2 36. f4 d2 37. e5 dxe5 38. Qxc3 exf4 39. Qxf6+ Kxf6 40. Bf3 Re3 41. Rxd2 h4 42. Re2 Ra3 43. h3 g5 44. Bg4 Kg6 45. Bf3 Rc3 46. Rd1 1-0

[Event "December 19 Late 2023"]
[Site "https://www.chess.com"]
[Date "2023.12.19"]
[Round "2"]
[White "Durarbayli, Vasif"]
[Black "Silva, Kaua Marques"]
[Result "1-0"]
[Board "40"]
[TimeControl "180+1"]
[WhiteFideId "13402935"]
[BlackFideId "22701168"]
[WhiteElo "2551"]
[BlackElo "2199"]
[WhiteTeam "AZE"]
[BlackTeam "BRA"]
[WhiteClock "0:00:05"]
[BlackClock "0:00:02"]

1. e4 c6 2. d4 d5 3. exd5 cxd5 4. c4 Nf6 5. Nc3 Nc6 6. Nf3 Be6 7. c5 a6 8. h3 g6 9. Bd3 Bg7 10. O-O O-O 11. Re1 Bd7 12. Bg5 e6 13. Qd2 Qc7 14. Rab1 b5 15. b4 Rfe8 16. Bf4 Qb7 17. a4 Na7 18. axb5 Nxb5 19. Be5 Nxc3 20. Qxc3 Bb5 21. Bc2 Rec8 22. Ng5 Qe7 23. Qe3 Nd7 24. Bd6 Qf6 25. Rbd1 Nb8 26. Nf3 Nc6 27. Qd2 Qd8 28. h4 a5 29. bxa5 Nxa5 30. Bd3 Bxd3 31. Qxd3 Nc4 32. Bg3 Ra3 33. Qe2 Rca8 34. c6 Qb6 35. c7 Nd6 36. Rb1 Qc6 37. Rb8+ Bf8 38. Bxd6 Qxd6 39. c8=Q Rxb8 40. Qc1 Rab3 41. Ne5 Rb2 42. Qexb2 Rxb2 43. Qxb2 Qe7 44. g3 Qf6 45. Qe2 Bb4 46. Rd1 Bc3 47. Qf3 Qxf3 48. Nxf3 Bb4 49. Rb1 Kg7 1-0

[Event "December 19 Late 2023"]
[Site "https://www.chess.com"]
[Date "2023.12.19"]
[Round "2"]
[White "Ferreira, Vitor Hugo Vieira"]
[Black "Margvelashvili, Giorgi"]
[Result "1/2-1/2"]
[Board "41"]
[TimeControl "180+1"]
[WhiteFideId "2119765"]
[BlackFideId "13602926"]
[WhiteElo "2123"]
[BlackElo "2549"]
[WhiteTeam "BRA"]
[BlackTeam "GEO"]
[WhiteClock "0:00:05"]
[BlackClock "0:00:05"]

1. c4 Nf6 2. g3 e6 3. Bg2 d5 4. Nf3 dxc4 5. Qa4+ Nbd7 6. Qxc4 a6 7. O-O b5 8. Qc2 Bb7 9. a4 b4 10. d4 c5 11. Rd1 Rc8 12. dxc5 Bxc5 13. Qb3 Qb6 14. a5 Qa7 15. e3 O-O 16. Nbd2 Bd5 17. Qd3 Qb7 18. b3 Be7 19. Bb2 Nc5 20. Qd4 Nxb3 21. Nxb3 Bxf3 22. Bxf3 Qxf3 23. Rac1 h5 24. Qf4 Qxf4 25. exf4 Nd5 26. Be5 f6 27. Bd4 Kf7 28. Kg2 Rfd8 29. Re1 h4 30. Kf3 hxg3 31. fxg3 Bd6 32. h4 Ke7 33. Bc5 Kd7 34. Bxd6 Kxd6 35. Nd4 Rxc1 36. Rxc1 Nc3 37. Re1 e5 38. Nf5+ Kd5 39. Nxg7 e4+ 40. Kg4 Rg8 41. Kf5 Rxg7 42. g4 Rg8 43. g5 fxg5 44. fxg5 b3 45. g6 b2 46. h5 b1=Q 47. Rxb1 Nxb1 48. h6 e3 49. h7 Rf8+ 50. Kg5 e2 51. g7 e1=Q 52. g8=Q+ Rxg8+ 53. hxg8=Q+ Kc5 54. Qc8+ Kb5 55. Qb7+ Kxa5 56. Qc7+ Ka4 57. Qc4+ Ka5 58. Qc5+ Ka4 59. Qc4+ Qb4 60. Qxa6+ Kb3 61. Qd3+ Nc3 62. Qf5 Kb2 63. Qf2+ Ka3 64. Qa7+ Kb3 65. Qf7+ Kc2 66. Qf5+ Ne4+ 67. Kg6 Kd3 68. Qd5+ Ke3 69. Kf5 Qf8+ 70. Ke6 Qf6+ 71. Kd7 Qg7+ 72. Kc6 Qg6+ 73. Kc7 Qe8 74. Qb3+ Kf4 75. Qd5 Qe7+ 76. Qd7 Qe5+ 77. Kc6 Nf6 78. Qd6 Qxd6+ 79. Kxd6 1/2-1/2

[Event "December 19 Late 2023"]
[Site "https://www.chess.com"]
[Date "2023.12.19"]
[Round "2"]
[White "Salinas Herrera, Pablo"]
[Black "Hnydiuk, Aleksander"]
[Result "1-0"]
[Board "42"]
[TimeControl "180+1"]
[WhiteFideId "3407128"]
[BlackFideId "1109057"]
[WhiteElo "2538"]
[BlackElo "2374"]
[WhiteTeam "CHI"]
[BlackTeam "POL"]
[WhiteClock "0:02:07"]
[BlackClock "0:00:07"]

1. d4 Nf6 2. Nf3 g6 3. Nbd2 d5 4. e3 a5 5. c4 Bg7 6. cxd5 Nxd5 7. Bc4 O-O 8. O-O Nc6 9. a3 Nb6 10. Ba2 e5 11. dxe5 Nxe5 12. Nxe5 Bxe5 13. Nf3 Qxd1 14. Rxd1 Bg4 15. Rb1 Bf6 16. Bd2 Bf5 17. Rbc1 Bxb2 18. Rxc7 Bxa3 19. Ng5 Bd7 20. Rxb7 Bc5 21. Bc3 1-0

[Event "December 19 Late 2023"]
[Site "https://www.chess.com"]
[Date "2023.12.19"]
[Round "2"]
[White "Rodgers, Jack"]
[Black "Gokerkan, Cem Kaan"]
[Result "1/2-1/2"]
[Board "43"]
[TimeControl "180+1"]
[WhiteFideId "3220885"]
[BlackFideId "6336760"]
[WhiteElo "2107"]
[BlackElo "2365"]
[WhiteTeam "AUS"]
[BlackTeam "TUR"]
[WhiteClock "0:00:16"]
[BlackClock "0:00:16"]

1. d4 Nf6 2. Bg5 d5 3. Bxf6 exf6 4. e3 Bd6 5. g3 O-O 6. Bg2 c6 7. Ne2 Re8 8. b3 f5 9. c4 dxc4 10. bxc4 Nd7 11. c5 Bc7 12. O-O Nf6 13. Nbc3 h5 14. h4 Be6 15. Rb1 Rb8 16. Re1 g6 17. Qa4 a6 18. Qc2 Ng4 19. Rbd1 Ba5 20. Nf4 Rc8 21. e4 fxe4 22. Bxe4 Qf6 23. d5 Qxc3 24. dxe6 Qxc2 25. Bxc2 Bxe1 26. exf7+ Kxf7 27. Bxg6+ Kf8 28. Bxe8 Rxe8 29. Rd7 Bxf2+ 30. Kg2 Bxc5 31. Rxb7 Nf6 32. Rc7 Bd6 33. Rxc6 Ke7 34. Rxa6 Bxf4 35. gxf4 Rc8 36. Kf3 Rc3+ 37. Ke2 Rh3 38. a4 Rxh4 39. a5 Rxf4 40. Ra8 Ra4 41. a6 Ke6 42. a7 Kf5 43. Kf2 Ra3 44. Kg2 Ra4 45. Kh3 Kg5 46. Kg2 Ra2+ 47. Kh3 Ra3+ 48. Kh2 h4 49. Kg2 h3+ 50. Kh1 Kf4 51. Rf8 Ra1+ 52. Kh2 Rxa7 53. Rxf6+ Kg5 54. Rf8 Kg4 55. Rg8+ Kh4 56. Rh8+ Kg4 57. Rg8+ Kf4 58. Kxh3 Ra3+ 59. Kh4 Ra2 60. Kh5 Rh2+ 61. Kg6 Ke5 62. Kf7 Rh7+ 63. Kf8 Ra7 64. Rg7 Ra8+ 65. Kf7 Kf5 66. Rh7 Ra7+ 67. Kg8 Ra6 68. Rf7+ Kg6 69. Rg7+ Kh6 70. Rh7+ Kg6 71. Rg7+ Kf6 72. Rf7+ Ke6 73. Rg7 Ra8+ 74. Kh7 Kf6 75. Rg6+ Kf7 76. Rg7+ Kf6 77. Rg6+ Kf5 78. Rg7 Ra2 79. Kg8 Kf6 80. Rf7+ Ke6 81. Rg7 Ra8+ 82. Kh7 Rb8 83. Rg8 Rb2 84. Rg6+ Kf7 85. Rg7+ Kf8 86. Rg8+ Ke7 87. Rg7+ Kf6 88. Rg6+ Kf5 89. Rg7 Rh2+ 90. Kg8 Kf6 91. Rf7+ Ke6 92. Rg7 Ra2 93. Kh7 Kf6 94. Rg6+ Kf5 95. Rg7 Ra6 96. Kg8 Ra8+ 97. Kh7 Kf6 1/2-1/2

[Event "December 19 Late 2023"]
[Site "https://www.chess.com"]
[Date "2023.12.19"]
[Round "2"]
[White "Yeletsky, Ivan"]
[Black "Zimmermann, Ulrich"]
[Result "1-0"]
[Board "44"]
[TimeControl "180+1"]
[WhiteFideId "24180327"]
[BlackFideId "24654523"]
[WhiteElo "2379"]
[BlackElo "2223"]
[WhiteTeam "RUS"]
[BlackTeam "GER"]
[WhiteClock "0:00:09"]
[BlackClock "0:00:01"]

1. Nf3 e6 2. g3 Nf6 3. Bg2 d5 4. O-O c5 5. d3 Nc6 6. Qe1 b5 7. e4 Be7 8. a4 b4 9. exd5 exd5 10. Ne5 Nxe5 11. Qxe5 O-O 12. Re1 Be6 13. Nd2 Rc8 14. Nf3 h6 15. Bf4 Re8 16. Qe2 d4 17. Ne5 Bd5 18. Bxd5 Nxd5 19. Qf3 Bf6 20. Nc4 Rxe1+ 21. Rxe1 Rc6 22. Bd6 Rxd6 23. Nxd6 Qxd6 24. Re8+ Kh7 25. Qe4+ g6 26. Ra8 Qd7 27. a5 Bg7 28. Qe8 Qxe8 29. Rxe8 b3 30. cxb3 Nb4 31. Re7 a6 32. Rxf7 Nxd3 33. Rc7 Nxb2 34. Kf1 d3 35. Ke1 Kg8 36. Rxc5 Bf8 37. Rc8 Kf7 38. Rb8 Bd6 39. Rb7+ Ke6 40. Kd2 Kd5 41. f4 Bc5 42. b4 Bd4 43. b5 axb5 44. a6 Ke4 45. Re7+ Kd5 46. Rd7+ Ke4 47. Re7+ Kd5 48. a7 Nc4+ 49. Kxd3 Nb6 50. Rd7+ Nxd7 51. a8=Q+ Kd6 52. Kxd4 b4 53. Qa5 b3 54. Qb4+ Kc6 55. Qxb3 Nb6 56. Qe6+ Kb5 57. Qxg6 Na4 58. Qxh6 Kb4 59. Qg5 1-0

[Event "December 19 Late 2023"]
[Site "https://www.chess.com"]
[Date "2023.12.19"]
[Round "2"]
[White "Osmak, Yuliia"]
[Black "Livaic, Leon"]
[Result "0-1"]
[Board "45"]
[TimeControl "180+1"]
[WhiteFideId "14101602"]
[BlackFideId "14531534"]
[WhiteElo "2303"]
[BlackElo "2541"]
[WhiteTeam "UKR"]
[BlackTeam "CRO"]
[WhiteClock "0:00:00"]
[BlackClock "0:00:03"]

1. e4 e6 2. d4 d5 3. exd5 exd5 4. Nf3 Nf6 5. Bd3 Bd6 6. Qe2+ Be6 7. Ng5 Qe7 8. Nxe6 Qxe6 9. Qxe6+ fxe6 10. O-O O-O 11. Re1 Nc6 12. Be3 Ng4 13. h3 Nxe3 14. fxe3 e5 15. c3 e4 16. Bb5 Ne7 17. Nd2 Bg3 18. Re2 c6 19. Ba4 Rf6 20. Rf1 Raf8 21. Rxf6 Rxf6 22. Nf1 Nf5 23. Bc2 b5 24. a4 a6 25. axb5 axb5 26. b3 Rf7 27. c4 Ra7 28. cxd5 cxd5 29. b4 Ra3 30. Nxg3 Nxg3 31. Re1 h5 32. h4 Nf5 33. Kf2 Nxh4 34. Bd1 g6 35. Be2 Kf7 36. Bxb5 Ke6 37. Be2 Rb3 38. b5 Nf5 39. Ra1 Nxe3 40. Ra6+ Kf5 41. Rd6 h4 42. b6 g5 43. b7 Ng4+ 44. Bxg4+ Kxg4 45. Rd7 Kf4 46. Rf7+ Kg4 47. Rd7 Rb2+ 48. Ke3 Kg3 49. Rg7 g4 0-1

[Event "December 19 Late 2023"]
[Site "https://www.chess.com"]
[Date "2023.12.19"]
[Round "2"]
[White "Boruchovsky, Avital"]
[Black "Stojanovski, Sandi"]
[Result "1-0"]
[Board "46"]
[TimeControl "180+1"]
[WhiteFideId "2800055"]
[BlackFideId "1403249"]
[WhiteElo "2450"]
[BlackElo "2533"]
[WhiteTeam "ISR"]
[BlackTeam "DEN"]
[WhiteClock "0:00:07"]
[BlackClock "0:00:07"]

1. Nf3 Nf6 2. g3 g6 3. Bg2 Bg7 4. O-O O-O 5. d4 d6 6. Nc3 Nbd7 7. e4 Rb8 8. a4 c5 9. e5 Ne8 10. exd6 Nxd6 11. Nb5 Qb6 12. Bf4 cxd4 13. Nxd6 exd6 14. a5 Qc5 15. Ra4 Ne5 16. Nxd4 Bg4 17. Qc1 Bd7 18. Nb3 Qc7 19. Rd4 Bc6 20. f3 Rbc8 21. c3 Rfe8 22. Kh1 h5 23. Bh6 Bh8 24. Qd1 Rcd8 25. Bg5 Rc8 26. h3 d5 27. g4 hxg4 28. fxg4 Nc4 29. Rdf4 Ne3 30. Qd3 Nxf1 31. Rxf1 d4 32. Nxd4 Bxg2+ 33. Kxg2 Qd7 34. Bf6 Qd5+ 35. Kg1 Bxf6 36. Rxf6 Qe4 37. Qxe4 Rxe4 38. a6 b6 39. Kf2 Re7 40. Nb5 Kg7 41. Rf3 Rc5 42. Nd4 Rce5 43. Kg3 Re1 44. b4 Rc1 45. Nc6 Rd7 46. b5 Rc7 47. g5 Rc2 48. h4 Rb2 49. c4 Rc2 50. Rf4 Rc1 51. Kf3 Rc3+ 52. Ke2 Rc1 53. Kd2 Rg1 54. Kc3 Rh1 55. Kd4 Rh3 56. Ke5 Rd7 57. Rd4 Re7+ 58. Kd6 Re6+ 59. Kc7 Ree3 60. Nxa7 Rd3 61. Nc6 Rxd4 62. Nxd4 Rxh4 63. Nc6 Rxc4 64. a7 Ra4 65. Kxb6 Rxa7 66. Kxa7 f5 67. gxf6+ Kxf6 68. b6 g5 69. b7 g4 70. b8=Q g3 71. Qxg3 1-0

[Event "December 19 Late 2023"]
[Site "https://www.chess.com"]
[Date "2023.12.19"]
[Round "2"]
[White "Khlebovich, Alexander"]
[Black "Senft, Sean"]
[Result "1-0"]
[Board "47"]
[TimeControl "180+1"]
[WhiteFideId "4169123"]
[BlackFideId "2044960"]
[WhiteElo "2334"]
[BlackElo "2005"]
[WhiteTeam "RUS"]
[BlackTeam "USA"]
[WhiteClock "0:01:00"]
[BlackClock "0:00:19"]

1. d4 d5 2. c4 c6 3. Nf3 Nf6 4. e3 a6 5. Bd3 Bg4 6. h3 Bh5 7. O-O e6 8. Nbd2 Nbd7 9. Qb3 Ra7 10. a4 Bd6 11. e4 dxe4 12. Nxe4 Nxe4 13. Bxe4 O-O 14. a5 c5 15. g4 Bg6 16. Bxg6 hxg6 17. Rd1 cxd4 18. Nxd4 Nc5 19. Qb6 Ra8 20. Be3 Qxb6 21. axb6 Rfd8 22. b4 Ne4 23. c5 Be5 24. Rac1 Bxd4 25. Bxd4 Rac8 26. Be5 Nf6 27. Rxd8+ Rxd8 28. c6 bxc6 29. b7 Nd7 30. Rd1 1-0